Get step-by-step instructions on how to execute this build order below. Start the game timer, and the build order will tick by so you can play in parallel with StarCraft on a second screen or mobile device.

Game Time

  0:00

Last Step

  N/A

Next Step

Upcoming Step



Don't want to look back and forth between 2 screens? Try out our Overwolf App, the Spawning Tool Build Advisor to get an in-game overlay with this build!

Complete Build Order

  12  0:01  Probe (Chrono Boost)  
  13  0:11  Probe (Chrono Boost)  
  14  0:18  Pylon  
  14  0:22  Probe (Chrono Boost)  
  15  0:36  Probe (Chrono Boost)  
  15  0:38  Gateway  
  16  0:46  Probe (Chrono Boost)  
  16  0:49  Assimilator  
  17  0:57  Probe (Chrono Boost)  
  18  1:08  Probe (Chrono Boost)  
  19  1:25  Nexus  
  19  1:36  Cybernetics Core  
  19  1:39  Probe (Chrono Boost)  
  20  1:49  Probe (Chrono Boost)  
  21  1:58  Assimilator  
  21  2:00  Probe (Chrono Boost)  
  22  2:11  Probe (Chrono Boost), Pylon  
  23  2:24  Warp Gate (Chrono Boost)  
  23  2:29  Probe (Chrono Boost), Zealot  
  26  2:43  Twilight Council  
  26  2:48  Gateway  
  26  2:49  Gateway  
  26  2:55  Gateway  
  26  2:57  Probe  
  26  2:58  Probe  
  28  3:09  Probe  
  28  3:12  Probe, Adept  
  32  3:21  Probe, Resonating Glaives (Chrono Boost)  
  32  3:26  Probe  
  34  3:33  Probe  
  35  3:42  Robotics Facility  
  35  3:46  Adept  
  35  3:47  Adept  
  39  3:50  Adept  
  39  3:53  Probe  
  42  3:56  Probe  
  43  4:07  Probe, Pylon  
  44  4:11  Pylon  
  44  4:12  Probe  
  45  4:19  Probe  
  46  4:25  Mothership Core  
  48  4:31  Probe  
  48  4:32  Pylon  
  48  4:33  Warp Prism (Chrono Boost)  
  48  4:38  Pylon  
  51  4:43  Probe  
  51  4:44  Assimilator  
  52  4:46  Probe  
  52  4:51  Pylon  
  53  4:55  Probe  
  53  4:58  Probe, Charge  
  55  5:01  Adept  
  55  5:04  Adept  
  59  5:07  Probe, Adept  
  59  5:10  Adept  
  64  5:32  Stargate  
  64  5:34  Pylon  
  64  5:37  Pylon  
  64  5:41  Probe x2  
  66  5:47  Immortal (Chrono Boost)  
  70  5:57  Adept x4  
  74  6:34  Adept x2  
  74  6:35  Adept x2  
  82  7:07  Adept x3  
  82  7:08  Adept  
  90  7:25  Immortal (Chrono Boost)  
  82  7:47  Adept x2  
  82  7:48  Adept x2